[Event "Titled Tuesday Blitz January 03 Early 2023"]
[White "Shuvalov, Evgenij"]
[Black "Vasques, Antonio Pedro Freixial"]
[WhiteFideId "4187237"]
[BlackFideId "1908332"]
[WhiteElo "2038"]
[BlackElo "2214"]
[Result "1-0"]
[Round "09"]
[TimeControl "180+2"]
[Date "2023.01.03"]
[WhiteClock "0:00:20"]
[BlackClock "0:00:09"]

1. d4 Nf6 2. c4 e6 3. Nf3 Bb4+ 4. Nbd2 O-O 5. g3 d5 6. Bg2 dxc4 7. O-O c3 8. Nb3 a5 9. a3 cxb2 10. Bxb2 Bd6 11. Rc1 a4 12. Nc5 b6 13. Ne5 Ra5 14. Ncd3 Bd7 15. e4 Qe7 16. Nxd7 Nbxd7 17. e5 Bxa3 18. Bxa3 Qxa3 19. exf6 Nxf6 20. Rxc7 Qd6 21. Rc6 Qxd4 22. Qb1 Rd8 23. Nf4 a3 24. Qxb6 Qxb6 25. Rxb6 a2 26. Ra1 Nd7 27. Rb2 g5 28. Nh5 Nc5 29. Rbxa2 Rxa2 30. Rxa2 Rd1+ 31. Bf1 f5 32. Ra7 Ne4 33. Ra2 Nd2 34. Rxd2 Rxd2 35. Kg2 Kf7 36. h3 Kg6 37. g4 Rd4 38. Be2 f4 39. Bb5 e5 40. Be8+ Kh6 41. Nf6 e4 42. Bb5 Rb4 43. Bf1 Kg7 44. Nd5 Rd4 45. Nc3 Rd2 46. Nxe4 Rd1 47. Nxg5 Kf6 48. Nf3 h6 49. Be2 Ra1 50. h4 Ra2 51. Bd3 Ra3 52. Bf5 Ra2 53. Be4 Ra3 54. g5+ hxg5 55. hxg5+ Kg7 56. Kh3 Ra2 57. Kg2 Rb2 58. Bf5 Re2 59. Bg4 Ra2 60. Nh4 Ra5 61. g6 Rg5 62. Kf3 Ra5 63. Kxf4 Ra4+ 64. Kg3 Ra5 65. f4 Ra3+ 66. Bf3 Ra2 67. f5 Ra4 68. Ng2 Kf6 69. Ne3 Ra3 70. Kf4 Ra4+ 71. Be4 Rd4 72. Ng4+ Kg7 73. Ke5 Rb4 74. f6+ Kg8 75. Bd5+ Kf8 76. g7+ Ke8 77. g8=Q+ Kd7 78. Qe6+ 1-0


[Site "https://www.chess.com"]

[Event "Titled Tuesday Blitz January 03 Early 2023"]
[White "Mikhalsky, Vladimir"]
[Black "Gressmann, Moritz"]
[WhiteFideId "14144352"]
[BlackFideId "24695084"]
[WhiteElo "2219"]
[BlackElo "2129"]
[Result "0-1"]
[Round "09"]
[TimeControl "180+2"]
[Date "2023.01.03"]
[WhiteClock "0:00:36"]
[BlackClock "0:02:11"]

1. e4 e5 2. Nf3 Nf6 3. Nxe5 Nc6 4. Nxc6 dxc6 5. Nc3 Bc5 6. Be2 h5 7. O-O Ng4 8. h3 Qd6 9. Bxg4 hxg4 10. e5 Qg6 11. d4 gxh3 12. g3 Bg4 13. f3 h2+ 14. Kh1 Bh3 15. Rf2 Qxg3 16. dxc5 Qxf2 0-1


[Site "https://www.chess.com"]

[Event "Titled Tuesday Blitz January 03 Early 2023"]
[White "Quinones Garcia, Santiago"]
[Black "Zaksaite, Salomeja"]
[WhiteFideId "4408497"]
[BlackFideId "12801496"]
[WhiteElo "2248"]
[BlackElo "2283"]
[Result "1-0"]
[Round "09"]
[TimeControl "180+2"]
[Date "2023.01.03"]
[WhiteClock "0:01:34"]
[BlackClock "0:00:01"]

1. d4 Nf6 2. c4 g6 3. Nc3 d5 4. cxd5 Nxd5 5. e4 Nxc3 6. bxc3 Bg7 7. Nf3 c5 8. Be3 O-O 9. Be2 cxd4 10. cxd4 Qa5+ 11. Qd2 Qxd2+ 12. Kxd2 b6 13. Rac1 Ba6 14. d5 f5 15. e5 Bxe2 16. Kxe2 Nd7 17. Bd4 Rac8 18. Rhe1 Nc5 19. Bxc5 bxc5 20. Red1 Rfd8 21. Ng5 Bxe5 22. Ne6 Rd7 23. Rxc5 Rxc5 24. Nxc5 Rc7 25. Ne6 Rc2+ 26. Rd2 Rxd2+ 27. Kxd2 Kf7 28. f4 Bd6 29. Kd3 h6 30. h4 Ke8 31. a4 a6 32. Kc4 Ba3 33. Nc5 Bc1 34. Nxa6 Bxf4 35. Nc5 Bd2 36. Kb5 Kd8 37. a5 Kc8 38. a6 Kb8 39. Kb6 Be3 40. Kc6 Ka7 41. Ne6 Kxa6 42. Kd7 Kb5 43. Kxe7 Kc4 44. d6 Bb6 45. d7 g5 46. h5 f4 47. d8=Q 1-0


[Site "https://www.chess.com"]

[Event "Titled Tuesday Blitz January 03 Early 2023"]
[White "Prudnykova, Olga"]
[Black "Krstic, Milos"]
[WhiteFideId "14121093"]
[BlackFideId "954888"]
[WhiteElo "2268"]
[BlackElo "2183"]
[Result "1/2-1/2"]
[Round "09"]
[TimeControl "180+2"]
[Date "2023.01.03"]
[WhiteClock "0:00:07"]
[BlackClock "0:00:02"]

1. e4 d6 2. d4 Nd7 3. Nc3 Ngf6 4. Be3 e5 5. g4 h6 6. h3 c6 7. Nf3 Be7 8. Bc4 Qc7 9. Bb3 b6 10. Rg1 exd4 11. Nxd4 Nc5 12. Qf3 Nxb3 13. axb3 Nd7 14. Qg3 Ne5 15. f4 Ng6 16. O-O-O a5 17. Nf5 O-O 18. h4 b5 19. h5 Nh8 20. g5 hxg5 21. fxg5 Bxf5 22. exf5 b4 23. Ne4 f6 24. gxf6 Bxf6 25. Nxf6+ Rxf6 26. h6 g6 27. fxg6 Rxg6 28. Qh4 Kh7 29. Bd4 Rag8 30. Bg7 Qf7 31. Qe4 d5 32. Qd3 Qf4+ 33. Kb1 Qe4 34. Qxe4 dxe4 35. Rxg6 Nxg6 36. Re1 Re8 37. Re3 Nf4 38. Kc1 Nd5 39. Re1 e3 40. Kd1 Nf4 41. Kc1 Ng2 42. Re2 Nf4 43. Re1 e2 44. Kd2 Rd8+ 45. Ke3 Ng2+ 46. Kf2 Nxe1 47. Kxe1 Re8 48. c3 bxc3 49. bxc3 Rb8 50. b4 axb4 51. cxb4 Rxb4 52. Kxe2 Rh4 53. Kd3 Kg6 54. Kc3 Kf5 55. Kd3 Ke6 56. Kc3 Kd5 57. Kd3 c5 58. Kc3 Rh3+ 59. Kc2 Kc4 60. Kd2 Kb4 61. Bf8 Kb5 62. Kc2 Rh2+ 63. Kd3 Rh3+ 64. Ke4 c4 65. Bg7 Kb4 66. Kf5 Kb3 67. Kg6 c3 68. Bxc3 Kxc3 69. h7 Kd4 70. Kg7 Ke5 71. h8=Q Rxh8 72. Kxh8 1/2-1/2


[Site "https://www.chess.com"]

[Event "Titled Tuesday Blitz January 03 Early 2023"]
[White "Kukula, Pawel"]
[Black "Matveeva, Olga"]
[WhiteFideId "1115081"]
[BlackFideId "24107018"]
[WhiteElo "2135"]
[BlackElo "2128"]
[Result "1/2-1/2"]
[Round "09"]
[TimeControl "180+2"]
[Date "2023.01.03"]
[WhiteClock "0:00:25"]
[BlackClock "0:00:10"]

1. d4 d5 2. Nf3 Nf6 3. e3 e6 4. Bd3 c5 5. c3 Nc6 6. Nbd2 Be7 7. O-O O-O 8. Qe2 b6 9. dxc5 Bxc5 10. e4 Bb7 11. e5 Nd7 12. b4 Be7 13. b5 Na5 14. Re1 Rc8 15. Bb2 Qc7 16. Rac1 Nc4 17. Nxc4 dxc4 18. Bb1 Rfd8 19. h4 g6 20. h5 Bf8 21. hxg6 hxg6 22. Be4 Bg7 23. Bxb7 Qxb7 24. Ba3 Nc5 25. Bxc5 Rxc5 26. a4 Qc7 27. Rcd1 Rcd5 28. Rxd5 Rxd5 29. Rd1 Rxd1+ 30. Qxd1 Bxe5 31. Qe1 Bf6 32. g3 Kg7 33. Qe3 Qd6 34. Nd2 Qd3 35. Qxd3 cxd3 36. Ne4 d2 37. Nxd2 Bxc3 38. Ne4 Be5 39. Kf1 f5 40. Nd2 Kf6 41. Nc4 Bc7 42. Ke2 e5 43. Kd3 Ke6 44. Ne3 g5 45. f3 f4 46. gxf4 exf4 47. Ng4 Kd5 48. Nf6+ Kc5 49. Ne4+ Kb4 50. Nxg5 Kxa4 51. Kc4 Ka5 52. Ne6 Bb8 53. Nd4 Ka4 54. Nc6 Bd6 55. Nxa7 Ka3 56. Nc8 Bc5 57. Kd5 Kb2 58. Kc6 Kc3 59. Nxb6 Bxb6 60. Kxb6 Kd3 61. Kc5 Ke3 62. b6 Kxf3 63. b7 Kg2 64. b8=Q f3 65. Kd4 f2 66. Qg8+ Kh1 67. Qh7+ Kg1 68. Qg6+ Kh1 69. Qh5+ Kg1 70. Qg4+ Kh1 71. Qe2 Kg1 72. Qg4+ Kh1 73. Qh3+ Kg1 74. Qg3+ Kh1 75. Qf3+ Kg1 76. Qe3 Kg2 77. Qe2 Kg1 78. Qg4+ 1/2-1/2


[Site "https://www.chess.com"]

[Event "Titled Tuesday Blitz January 03 Early 2023"]
[White "Kopczynski, Michal"]
[Black "Slovineanu"]
[WhiteFideId "1124200"]
[WhiteElo "2225"]
[BlackElo "2294"]
[Result "1-0"]
[Round "09"]
[TimeControl "180+2"]
[Date "2023.01.03"]
[WhiteClock "0:02:22"]
[BlackClock "0:00:30"]

1. e4 e6 2. d4 d5 3. Nc3 Nf6 4. e5 Nfd7 5. f4 c5 6. dxc5 Bxc5 7. Nf3 Nc6 8. Bd3 Nb4 9. f5 Nxd3+ 10. Qxd3 Qc7 11. Bf4 Nb6 12. O-O-O Bb4 13. Nb5 Qd8 14. a3 Be7 15. f6 Bf8 16. fxg7 Bxg7 17. Nd6+ Kd7 18. Nxf7 Qe7 19. Nxh8 Bxh8 20. Bg5 Qc5 21. Rhf1 Nc4 22. Bf6 Bxf6 23. exf6 Kc6 24. f7 Bd7 25. Nd4+ Kb6 26. Qb3+ Ka6 27. Qb4 Qxb4 28. axb4 Ne3 29. f8=Q Rxf8 30. Rxf8 Nxd1 31. Kxd1 e5 32. b5+ 1-0


[Site "https://www.chess.com"]

[Event "Titled Tuesday Blitz January 03 Early 2023"]
[White "Ibadov, Dashgyn"]
[Black "Barbot, Pierre"]
[WhiteFideId "24107514"]
[BlackFideId "663727"]
[WhiteElo "2391"]
[BlackElo "2458"]
[Result "1-0"]
[Round "09"]
[TimeControl "180+2"]
[Date "2023.01.03"]
[WhiteClock "0:00:20"]
[BlackClock "0:00:02"]

1. e4 c5 2. Nf3 Nc6 3. Bb5 g6 4. O-O Bg7 5. c3 Nf6 6. Re1 O-O 7. d4 d5 8. e5 Ne4 9. Bxc6 bxc6 10. Be3 cxd4 11. cxd4 Qb6 12. Qc1 a5 13. Nc3 Nxc3 14. Qxc3 a4 15. Rac1 Bd7 16. Bg5 Rfe8 17. Nd2 Ra6 18. h3 Bf5 19. g4 Bd7 20. Kg2 Qb7 21. Rc2 Rb6 22. b3 a3 23. Rb1 Rb4 24. Qe3 Qb6 25. Rc5 Bc8 26. Rbc1 Bd7 27. R1c3 Qb7 28. Bh6 Bh8 29. Nf3 f6 30. Bf4 f5 31. e6 Bc8 32. gxf5 gxf5 33. Be5 Bf6 34. Qh6 Bxe6 35. Ng5 Bxg5 36. Qxg5+ Kf8 37. Qg7# 1-0


[Site "https://www.chess.com"]

[Event "Titled Tuesday Blitz January 03 Early 2023"]
[White "Najdin, Danil"]
[Black "Bobomurodova, Maftuna"]
[WhiteFideId "4172426"]
[BlackFideId "14207400"]
[WhiteElo "2235"]
[BlackElo "1946"]
[Result "1-0"]
[Round "09"]
[TimeControl "180+2"]
[Date "2023.01.03"]
[WhiteClock "0:00:15"]
[BlackClock "0:00:27"]

1. e4 d5 2. exd5 Nf6 3. d4 Nxd5 4. c4 Nb6 5. Nc3 g6 6. Bf4 Bg7 7. Nf3 Bg4 8. Be2 Nc6 9. d5 Bxf3 10. Bxf3 Ne5 11. Be2 O-O 12. c5 Nbd7 13. Be3 c6 14. O-O Nf6 15. dxc6 Nxc6 16. Bf3 Qa5 17. Qa4 Qxa4 18. Nxa4 Rfd8 19. Rfd1 Nd7 20. Rac1 Nde5 21. Be2 Kf8 22. Nc3 Nb4 23. a3 Rxd1+ 24. Rxd1 Nbc6 25. f4 f5 26. fxe5 Bxe5 27. Bf3 Ke8 28. Nb5 a6 29. Nd4 Na5 30. c6 Bxd4 31. Rxd4 Nxc6 32. Bxc6+ bxc6 33. Bf4 Ra7 34. Kf2 Rb7 35. b4 Rb5 36. a4 Rb7 37. Rc4 Kd7 38. Ke3 Rb6 39. Kd4 Rb7 40. Kc5 Ra7 41. Rd4+ Ke8 42. h4 a5 43. b5 cxb5 44. axb5 a4 45. b6 Rb7 46. Kc6 1-0


[Site "https://www.chess.com"]

[Event "Titled Tuesday Blitz January 03 Early 2023"]
[White "Corredor Castellanos, Camilo"]
[Black "Le Ruyet, Leopold"]
[WhiteFideId "4425871"]
[BlackFideId "645923"]
[WhiteElo "1957"]
[BlackElo "2245"]
[Result "0-1"]
[Round "09"]
[TimeControl "180+2"]
[Date "2023.01.03"]
[WhiteClock "0:00:17"]
[BlackClock "0:00:38"]

1. e4 d6 2. d4 Nf6 3. Bd3 e5 4. c3 d5 5. dxe5 Nxe4 6. Ne2 Nc6 7. Bf4 Nc5 8. Bb5 Be7 9. Nd4 Bd7 10. O-O O-O 11. Bxc6 bxc6 12. Re1 Ne6 13. Bg3 Nxd4 14. Qxd4 Be6 15. f4 c5 16. Qf2 Qd7 17. Nd2 Rab8 18. Nf3 Qb5 19. Re2 Bf5 20. Nh4 Be4 21. Rd2 c4 22. Kh1 Bc5 23. Qe2 Rb6 24. f5 Rh6 25. Qg4 Qc6 26. Bf4 Kh8 27. f6 Rg6 28. Nxg6+ fxg6 29. fxg7+ Kxg7 30. Qh4 h5 31. Qg5 Kg8 32. Re1 Qe6 33. h4 Be7 34. Qg3 Kh7 35. Kh2 Rf5 36. Rxe4 dxe4 37. Qe3 Rxe5 38. Bxe5 Qxe5+ 39. Qg3 Qf6 40. Qxc7 Qxh4+ 41. Kg1 Qe1+ 42. Kh2 Qxd2 43. Qxe7+ Kh6 44. Qxe4 Qxb2 45. Qxc4 Qf2 46. Qd5 Qh4+ 47. Kg1 Qe1+ 48. Kh2 Qxc3 49. a4 Qc7+ 50. Kh3 Qc3+ 51. g3 Qe3 52. Qb5 Qg1 53. Qe5 Qh1# 0-1


[Site "https://www.chess.com"]

[Event "Titled Tuesday Blitz January 03 Early 2023"]
[White "Avazkhonov, Alikhon"]
[Black "Sailer, Mike"]
[WhiteFideId "14208504"]
[BlackFideId "2012901"]
[WhiteElo "1538"]
[BlackElo "2109"]
[Result "1-0"]
[Round "09"]
[TimeControl "180+2"]
[Date "2023.01.03"]
[WhiteClock "0:00:05"]
[BlackClock "0:00:30"]

1. d4 d5 2. c4 Bf5 3. Nc3 e6 4. Nf3 Nc6 5. a3 Nf6 6. Bg5 Be7 7. cxd5 exd5 8. e3 Ne4 9. Bxe7 Nxe7 10. Nxe4 Bxe4 11. Bd3 Bxd3 12. Qxd3 O-O 13. O-O c6 14. b4 a6 15. Qc3 Nc8 16. Ne5 Nd6 17. a4 Rc8 18. Rab1 f6 19. Nd3 Nc4 20. Nc5 Qe7 21. Qd3 f5 22. b5 axb5 23. axb5 f4 24. bxc6 bxc6 25. Rb7 Qf6 26. Nd7 Qe7 27. Nxf8 Qxb7 28. Nxh7 Qe7 29. Qf5 fxe3 30. Qxc8+ Kxh7 31. Qh3+ Kg8 32. fxe3 Qxe3+ 33. Qxe3 Nxe3 34. Rc1 Nf5 35. Rxc6 Nxd4 36. Rd6 Ne2+ 37. Kf1 Nc3 38. Rc6 Ne4 39. Ke2 Kf7 40. Ke3 Nf6 41. h3 Kg6 42. Kf4 Kf7 43. g4 Ke7 44. Ke5 Kd7 45. Ra6 Ke7 46. Ra7+ Kf8 47. g5 Ne8 48. Kxd5 g6 49. Ke6 Kg8 50. Ra8 Kf8 51. h4 1-0


[Site "https://www.chess.com"]

[Event "Titled Tuesday Blitz January 03 Early 2023"]
[White "Zainullina, Nataliya"]
[Black "Moreno Perez, Tobias Sebastian"]
[WhiteFideId "4145488"]
[BlackFideId "186716"]
[WhiteElo "2099"]
[BlackElo "2256"]
[Result "0-1"]
[Round "09"]
[TimeControl "180+2"]
[Date "2023.01.03"]
[WhiteClock "0:01:40"]
[BlackClock "0:01:47"]

1. Nf3 d5 2. d4 Nf6 3. c4 c6 4. g3 dxc4 5. Bg2 Nbd7 6. O-O Nb6 7. Qc2 Bg4 8. Rd1 e6 9. a4 a5 10. Na3 Bf5 11. Qd2 Bb4 12. Qg5 h6 13. Qxg7 Rh7 14. Bxh6 Rxg7 15. Bxg7 Bxa3 16. Rxa3 Nbd7 17. Bh6 Qe7 18. Bf4 Nd5 19. Bc1 Be4 20. Bg5 Qb4 21. Rd2 c3 22. Rd1 cxb2 23. Re3 Nxe3 24. Bxe3 b1=Q 0-1


[Site "https://www.chess.com"]

[Event "Titled Tuesday Blitz January 03 Early 2023"]
[White "Fabris, Alberto"]
[Black "Andreev, Konstantin"]
[WhiteFideId "801348"]
[BlackFideId "24239305"]
[WhiteElo "2230"]
[BlackElo "2195"]
[Result "1-0"]
[Round "09"]
[TimeControl "180+2"]
[Date "2023.01.03"]
[WhiteClock "0:01:18"]
[BlackClock "0:00:13"]

1. e4 c5 2. Nf3 e6 3. d4 cxd4 4. Nxd4 Nc6 5. Nb5 Nf6 6. N1c3 d6 7. a4 Be7 8. Be2 O-O 9. O-O a6 10. Na3 Qc7 11. Be3 Nd7 12. Kh1 Nf6 13. f4 e5 14. f5 Rd8 15. Nc4 Nd4 16. Bxd4 exd4 17. Qxd4 d5 18. Nb6 Rb8 19. e5 Bc5 20. Nbxd5 Nxd5 21. Nxd5 Qc6 22. Qh4 Rxd5 23. Bf3 Qd7 24. Bxd5 Qxd5 25. Rad1 Qc6 26. Rd8+ Bf8 27. f6 Qc7 28. fxg7 Kxg7 29. Qg5+ 1-0


[Site "https://www.chess.com"]

[Event "Titled Tuesday Blitz January 03 Early 2023"]
[White "Cardozo Munar, Carlos Eduardo"]
[Black "Zherebtsova, Alexandra"]
[WhiteFideId "4409477"]
[BlackFideId "24129518"]
[WhiteElo "2043"]
[BlackElo "2155"]
[Result "0-1"]
[Round "09"]
[TimeControl "180+2"]
[Date "2023.01.03"]
[WhiteClock "0:00:20"]
[BlackClock "0:00:13"]

1. d4 d5 2. c3 Bf5 3. Bg5 Nf6 4. Nd2 c6 5. Ngf3 h6 6. Bxf6 exf6 7. g3 Bd6 8. Bg2 Nd7 9. O-O O-O 10. Re1 Re8 11. a4 a5 12. e3 Qb6 13. b3 Bf8 14. c4 Rad8 15. Nh4 Be6 16. e4 dxe4 17. Nxe4 f5 18. Nc3 Bb4 19. Rc1 Nf6 20. Nf3 Ne4 21. Nxe4 Bxe1 22. Nc5 Bb4 23. Nxe6 fxe6 24. Qe2 c5 25. dxc5 Bxc5 26. Rc3 Bb4 27. Rd3 Rxd3 28. Qxd3 Qd8 29. Qe2 e5 30. Nxe5 Qd4 31. Nf3 Rxe2 32. Nxd4 Re1+ 33. Bf1 Rb1 34. c5 Bxc5 35. Nxf5 Kf8 36. Kg2 Rxb3 37. Nh4 Rb2 38. Ng6+ Ke8 39. Bb5+ Kd8 40. Nf4 Rxf2+ 41. Kh3 Rc2 42. Ne6+ Ke7 43. Nxg7 Bg1 44. Kg4 Rxh2 45. Nf5+ Kf6 46. Nd6 b6 47. Ne4+ Ke5 48. Kf3 Bc5 49. Bc6 Kd4 50. Nf6 Kc3 51. Ng4 Rh5 52. Be8 Rh1 53. Kg2 Rg1+ 54. Kh2 Re1 55. Bb5 Re6 56. Kh3 Rd6 57. Nf2 Bxf2 58. Kg4 Bc5 59. Kh5 Be3 60. g4 Rd5+ 61. Kh4 Rxb5 62. axb5 a4 63. Kh5 a3 64. Kg6 a2 65. Kh5 a1=Q 66. g5 Bxg5 67. Kg6 Qa5 68. Kh5 Qxb5 69. Kg6 Qc5 70. Kh5 b5 71. Kg6 b4 72. Kh5 b3 73. Kg6 b2 74. Kh5 b1=Q 75. Kg4 Qd4+ 76. Kh5 Qbd1+ 77. Kg6 Qd6+ 78. Kf5 Q1d5+ 79. Kg4 Q6e6+ 80. Kh5 Qf3# 0-1


[Site "https://www.chess.com"]

[Event "Titled Tuesday Blitz January 03 Early 2023"]
[White "Wieczorek, Zbigniew"]
[Black "Kalajzic, Ivan"]
[WhiteFideId "1102001"]
[BlackFideId "14506378"]
[WhiteElo "2150"]
[BlackElo "2062"]
[Result "1-0"]
[Round "09"]
[TimeControl "180+2"]
[Date "2023.01.03"]
[WhiteClock "0:00:22"]
[BlackClock "0:00:04"]

1. Nf3 Nc6 2. d4 d5 3. g3 Bg4 4. Bg2 Qd7 5. c3 Bh3 6. Bxh3 Qxh3 7. Qa4 f6 8. b4 Qd7 9. b5 Nb8 10. Qb3 e6 11. a4 Bd6 12. Ba3 Ne7 13. Bxd6 Qxd6 14. Nbd2 O-O 15. c4 c5 16. cxd5 exd5 17. Ne4 Qd8 18. Nxc5 Re8 19. Nxb7 Qd7 20. Nc5 Qf5 21. O-O Nd7 22. Rac1 Nb6 23. e4 Qh3 24. a5 Nd7 25. exd5 Ng6 26. Ne6 Ndf8 27. Rfe1 Rab8 28. Rc7 Nxe6 29. dxe6 Re7 30. Rxe7 Nxe7 31. d5 Rd8 32. b6 axb6 33. axb6 1-0


[Site "https://www.chess.com"]

[Event "Titled Tuesday Blitz January 03 Early 2023"]
[White "Gonzalez, Francisco Silva"]
[Black "Liu, Kelsey"]
[WhiteFideId "1512285"]
[BlackFideId "30944481"]
[WhiteElo "2021"]
[BlackElo "2065"]
[Result "0-1"]
[Round "09"]
[TimeControl "180+2"]
[Date "2023.01.03"]
[WhiteClock "0:01:33"]
[BlackClock "0:00:17"]

1. d4 Nf6 2. c4 e6 3. Nc3 Bb4 4. a3 Bxc3+ 5. bxc3 O-O 6. e3 Nc6 7. Bd3 e5 8. Ne2 e4 9. Bc2 b6 10. f3 Ba6 11. fxe4 Bxc4 12. Ng3 Re8 13. e5 Nd5 14. Qf3 d6 15. e4 dxe5 16. exd5 exd4+ 17. Kd1 Bxd5 18. Qd3 Qh4 19. Nf5 Qh5+ 20. Kd2 Be4 21. Qh3 Qxh3 22. Bxe4 Qg4 23. Nh6+ gxh6 24. Bxc6 dxc3+ 25. Kxc3 Rad8 26. Bxh6 Re6 27. Bf3 Qd4+ 28. Kb3 Qd3+ 29. Kb2 Rxh6 30. Rad1 Qb5+ 31. Kc3 Rxd1 32. Rxd1 Qc5+ 33. Kb3 Rd6 34. Re1 Rd3+ 35. Kb2 Qc3+ 36. Ka2 Rd2+ 0-1


[Site "https://www.chess.com"]

[Event "Titled Tuesday Blitz January 03 Early 2023"]
[White "Sreyas Payyappat"]
[Black "Thiel, Thomas"]
[WhiteFideId "46674969"]
[BlackFideId "4615964"]
[WhiteElo "2076"]
[BlackElo "2234"]
[Result "1-0"]
[Round "09"]
[TimeControl "180+2"]
[Date "2023.01.03"]
[WhiteClock "0:01:52"]
[BlackClock "0:00:04"]

1. e4 d5 2. exd5 Nf6 3. d4 Nxd5 4. c4 Nb6 5. Nf3 g6 6. Be3 Bg7 7. Nc3 O-O 8. Be2 Bg4 9. O-O Nc6 10. d5 Bxf3 11. Bxf3 Ne5 12. Bxb6 Nxf3+ 13. Qxf3 axb6 14. a3 Qd7 15. Rad1 Rfe8 16. Rfe1 Rac8 17. Qd3 Qg4 18. f3 Qh5 19. Re2 c6 20. Ne4 Rcd8 21. Ng3 Qh4 22. Re4 Qf6 23. Qe2 cxd5 24. cxd5 Bf8 25. Qe3 e6 26. b4 b5 27. Qe2 Ra8 28. Re3 Red8 29. Ne4 Qf4 30. d6 Bg7 31. g3 Qh6 32. Red3 Rd7 33. Nc5 1-0


[Site "https://www.chess.com"]

[Event "Titled Tuesday Blitz January 03 Early 2023"]
[White "Lauridsen, Jesper Morch"]
[Black "Dwilewicz, Katarzyna"]
[WhiteFideId "1401890"]
[BlackFideId "1148486"]
[WhiteElo "2309"]
[BlackElo "2115"]
[Result "0-1"]
[Round "09"]
[TimeControl "180+2"]
[Date "2023.01.03"]
[WhiteClock "0:00:10"]
[BlackClock "0:00:46"]

1. e4 e5 2. Nf3 Nc6 3. Bb5 a6 4. Bxc6 dxc6 5. O-O f6 6. d4 exd4 7. Nxd4 c5 8. Ne2 Qxd1 9. Rxd1 Bd7 10. Nbc3 O-O-O 11. Nd5 Ne7 12. Nec3 Nxd5 13. Nxd5 Be6 14. Bf4 Bd6 15. Bxd6 Rxd6 16. c4 Rhd8 17. b3 c6 18. Nb6+ Kc7 19. Rxd6 Rxd6 20. Na4 b6 21. Kf1 Rd2 22. Nc3 g5 23. Rd1 Rc2 24. Rd3 h5 25. g3 Bh3+ 26. Ke1 Bg4 27. a4 Rc1+ 28. Kd2 Rh1 29. h4 gxh4 30. gxh4 Rxh4 31. f3 Rh2+ 32. Ke3 Be6 33. Ne2 h4 34. Nf4 Bd7 35. Rd1 Rb2 36. Rd3 h3 37. Ne2 h2 38. Rd1 Rxb3+ 39. Kf4 Rb2 40. Ng3 Rg2 41. Rh1 b5 42. cxb5 cxb5 43. axb5 axb5 44. Nh5 b4 45. Nxf6 b3 46. Nd5+ Kd6 47. Ne3 Re2 48. Nc4+ Kc7 49. Kg3 b2 50. e5 Be6 51. Nxb2 Rxb2 52. Rxh2 Rxh2 53. Kxh2 Kc6 54. Kg3 Kd5 55. Kf4 c4 56. Ke3 Kxe5 57. f4+ Kf5 58. Kd4 Kxf4 0-1


[Site "https://www.chess.com"]

[Event "Titled Tuesday Blitz January 03 Early 2023"]
[White "Qashashvili, Alexandre"]
[Black "Ivanova, Karina"]
[WhiteFideId "13600842"]
[BlackFideId "24139750"]
[WhiteElo "2505"]
[BlackElo "2085"]
[Result "1-0"]
[Round "09"]
[TimeControl "180+2"]
[Date "2023.01.03"]
[WhiteClock "0:02:03"]
[BlackClock "0:01:53"]

1. e4 c6 2. d4 d5 3. Nc3 dxe4 4. Nxe4 Bf5 5. Ng3 Bg6 6. Nf3 Nd7 7. Bd3 Bxd3 8. Qxd3 e6 9. O-O Ngf6 10. c3 Bd6 11. Ne4 Nxe4 12. Qxe4 Nf6 13. Qh4 Qe7 14. Bf4 Bxf4 15. Qxf4 O-O 16. h3 a5 17. a3 a4 18. Rfe1 b5 19. Ne5 Rac8 20. Ng4 Nxg4 21. Qxg4 Rfd8 22. Rad1 Rd5 23. Re5 Rcd8 24. Rde1 Rxe5 25. Rxe5 Rd5 26. Qf4 Qd6 27. Rxd5 1-0


[Site "https://www.chess.com"]

[Event "Titled Tuesday Blitz January 03 Early 2023"]
[White "Bashirli, Saadat"]
[Black "Ardila, Oscar Humberto"]
[WhiteFideId "13429990"]
[BlackFideId "4404742"]
[WhiteElo "1571"]
[BlackElo "1982"]
[Result "0-1"]
[Round "09"]
[TimeControl "180+2"]
[Date "2023.01.03"]
[WhiteClock "0:00:08"]
[BlackClock "0:00:08"]

1. d4 Nf6 2. c4 e6 3. Nc3 Bb4 4. e3 Bxc3+ 5. bxc3 O-O 6. Bd3 b6 7. Ne2 Bb7 8. O-O Ne4 9. Qc2 f5 10. Ba3 d6 11. f3 Ng5 12. c5 bxc5 13. dxc5 Nc6 14. cxd6 cxd6 15. Qb3 Rb8 16. Qc2 Qc7 17. Rfd1 Rbc8 18. Bb5 Rfd8 19. Bxc6 Qxc6 20. Rab1 Nxf3+ 21. gxf3 Qxf3 22. Ng3 Qxe3+ 23. Qf2 Qxc3 24. Rxb7 Qxa3 25. Rxa7 Qc3 26. a4 Rc4 27. a5 Rg4 28. Kf1 f4 29. Qe2 Rg6 30. Ne4 Qh3+ 31. Ke1 f3 32. Qf2 d5 33. Ng3 Rf8 34. Re7 h5 35. a6 h4 36. Nf1 Qf5 37. Ne3 Qe4 38. a7 Rg2 39. Ra1 Rxf2 40. Kxf2 d4 41. Ra3 dxe3+ 42. Rxe3 Qc2+ 43. Kf1 Qg2+ 44. Ke1 f2+ 45. Kd2 f1=Q+ 46. Kc3 Qf6+ 47. Kd3 Qxe7 48. a8=Q Rxa8 49. Rxe6 Rd8+ 50. Kc3 Qxe6 51. Kb4 Qb7+ 52. Ka3 Qeb6 53. Ka4 Rb8 54. Ka3 g5 55. Ka4 Q7a6# 0-1


[Site "https://www.chess.com"]

[Event "Titled Tuesday Blitz January 03 Early 2023"]
[White "Schut, Han"]
[Black "Osiecki, Stanislaw"]
[WhiteFideId "1005561"]
[BlackFideId "1102990"]
[WhiteElo "2101"]
[BlackElo "2055"]
[Result "0-1"]
[Round "09"]
[TimeControl "180+2"]
[Date "2023.01.03"]
[WhiteClock "0:00:26"]
[BlackClock "0:00:13"]

1. e4 e6 2. d4 d5 3. e5 c5 4. c3 Nc6 5. Nf3 Qb6 6. Bd3 cxd4 7. O-O dxc3 8. Nxc3 a6 9. Re1 Nge7 10. h4 h6 11. h5 Bd7 12. Na4 Qc7 13. Bd2 Na7 14. Rc1 Qb8 15. Nb6 Bb5 16. a4 Bxd3 17. Nxa8 Qxa8 18. Bb4 Be4 19. Nd4 Nac6 20. Bd6 Nxd4 21. Qxd4 Nf5 22. Qb6 Bxd6 23. exd6 O-O 24. f3 Bd3 25. g4 Nh4 26. Qf2 Qd8 27. d7 Qf6 28. Rc8 Qe7 29. Rec1 Qxd7 30. Rxf8+ Kxf8 31. Qxh4 f6 32. Qg3 Qxa4 33. Rc8+ Ke7 34. Rc7+ Ke8 35. Rc8+ Ke7 36. Qc7+ Qd7 37. Qxd7+ Kxd7 38. Rg8 b5 39. Rxg7+ Kd6 40. Rg6 Bxg6 41. hxg6 Ke7 42. f4 Kf8 43. f5 e5 44. Kf2 a5 45. Ke3 a4 46. Kd3 b4 47. Kc2 e4 48. Kd2 a3 49. bxa3 bxa3 50. Kc3 e3 51. Kd3 a2 52. Kxe3 a1=Q 0-1


[Site "https://www.chess.com"]

[Event "Titled Tuesday Blitz January 03 Early 2023"]
[White "Koridze, Lile"]
[Black "Eisa Mohmood, Alkhoori"]
[WhiteFideId "13612514"]
[BlackFideId "9316116"]
[WhiteElo "2191"]
[BlackElo "1095"]
[Result "1-0"]
[Round "09"]
[TimeControl "180+2"]
[Date "2023.01.03"]
[WhiteClock "0:01:57"]
[BlackClock "0:00:01"]

1. d4 Nf6 2. c4 g6 3. Nc3 d5 4. Nf3 Bg7 5. Bg5 Ne4 6. cxd5 Nxg5 7. Nxg5 e6 8. Qd2 h6 9. Nf3 exd5 10. e3 O-O 11. h3 Bf5 12. Bd3 Bxd3 13. Qxd3 Re8 14. O-O c6 15. b4 a6 16. a4 Nd7 17. b5 axb5 18. axb5 Rxa1 19. Rxa1 Nb6 20. bxc6 bxc6 21. Ra6 Re6 22. Qb1 Nc4 23. Qb7 Na5 24. Qb4 Nc4 25. Qa4 Kh7 26. Rxc6 Rxc6 27. Qxc6 Qa5 28. Nxd5 Nd2 29. Nxd2 Qxd2 30. Qc3 Qd1+ 31. Kh2 Qb1 32. Nf4 g5 33. Qd3+ 1-0


[Site "https://www.chess.com"]

[Event "Titled Tuesday Blitz January 03 Early 2023"]
[White "Gholami Orimi, Mahdi"]
[Black "monkins"]
[WhiteFideId "12558486"]
[WhiteElo "2420"]
[BlackElo "2242"]
[Result "1-0"]
[Round "09"]
[TimeControl "180+2"]
[Date "2023.01.03"]
[WhiteClock "0:00:55"]
[BlackClock "0:01:04"]

1. d4 Nf6 2. c4 c5 3. d5 b5 4. cxb5 a6 5. f3 e6 6. e4 Nxe4 7. fxe4 Qh4+ 8. Kd2 Qxe4 9. Nc3 Qg6 10. Nf3 Bd6 11. Qc2 Qh5 12. Bc4 O-O 13. dxe6 fxe6 14. Qe4 Bf4+ 15. Kc2 d5 16. Nxd5 exd5 17. Qxd5+ Qxd5 18. Bxd5+ Kh8 19. Bxf4 Bf5+ 20. Kb3 Ra7 21. b6 Rd7 22. Rad1 Rxd5 23. Rxd5 Be6 24. Rd1 Rxf4 25. Kc3 Bxd5 26. Rxd5 Rf8 27. Ne5 g6 28. Rxc5 Kg7 29. b7 Kf6 30. Rc8 Ke7 31. Rxb8 1-0


[Site "https://www.chess.com"]